 Dungeon Crawl Stone Soup version 0.30.0-5-g1a98f26d00 (webtiles) character file.

Game seed: 2068728460163969379

19235 monsoonserge the Brawler (level 12, -4/109 HPs)
             Began as a Troll Monk on May 10, 2023.
             Was the Champion of Wu Jian.
             Slain by a skeletal warrior
             ... wielding a +0 short sword
              (19 damage)
             ... on level 12 of the Dungeon.
             The game lasted 00:46:00 (9020 turns).

monsoonserge the Brawler (Troll Monk)               Turns: 9020, Time: 00:46:01

Health: -4/109     AC: 10    Str: 26    XL:     12   Next: 34%
Magic:  11/11      EV: 16    Int:  6    God:    Wu Jian [******]
Gold:   429        SH:  9    Dex: 12    Spells: 11/11 levels left

rFire   + .          .
                       - Unarmed
rCold   . . .        K - +0 kite shield
rNeg    . . .        M - +0 acid dragon scales
rPois   .            Q - +2 hat
rElec   .            (no cloak)
rCorr   +            (gloves unavailable)
SInv    .            (boots unavailable)
Will    .....        (no amulet)
Stlth   +            k - +5 ring of evasion
HPRegen 1.18/turn    E - ring of protection from fire
MPRegen 0.12/turn

%: no passive effects
@: no status effects
A: large, unfitting armour, claws 3, regeneration 1, shaggy fur 1, tough skin 1
a: Renounce Religion, Wall Jump, Serpent's Lash, Heavenly Storm


You were on level 12 of the Dungeon.
You worshipped Wu Jian.
Wu Jian was exalted by your worship.
You visited 2 branches of the dungeon, and saw 13 of its levels.
You also visited: Sewer.

You collected 596 gold pieces.
You spent 167 gold pieces at shops.

Inventory:

Hand Weapons
 P - a +0 heavy sling
Missiles
 g - 2 throwing nets
 j - 50 poisoned darts (quivered)
 v - 2 curare-tipped darts
 C - 4 boomerangs
 X - 10 large rocks
Armour
 c - an orb of light
 K - a +0 kite shield (worn)
 L - +0 steam dragon scales
 M - +0 acid dragon scales (worn)
 Q - a +2 hat (worn)
Jewellery
 k - a +5 ring of evasion (left claw)
 t - a +5 ring of evasion
 E - a ring of protection from fire (right claw)
 G - a +6 ring of intelligence
 R - a ring of positive energy
Wands
 b - a wand of charming (17)
 u - a wand of flame (35)
 N - a wand of mindburst (13)
Scrolls
 d - 4 scrolls of noise {unknown}
 f - 3 scrolls of torment {unknown}
 h - 12 scrolls of identify {unknown}
 i - 6 scrolls of teleportation {unknown}
 o - 2 scrolls of poison {unknown}
 p - 6 scrolls of blinking
 q - 2 scrolls of enchant weapon {unknown}
 r - a scroll of silence {unknown}
 w - 2 scrolls of fog {unknown}
 y - 2 scrolls of fear {unknown}
 z - 2 scrolls of brand weapon {unknown}
 B - 2 scrolls of vulnerability {unknown}
 F - 5 scrolls of immolation {unknown}
 H - 3 scrolls of magic mapping {unknown}
 J - 2 scrolls of butterflies {unknown}
 S - 2 scrolls of enchant armour {unknown}
Potions
 a - a potion of lignification {unknown}
 e - 5 potions of flight
 l - a potion of invisibility
 m - 2 potions of might {unknown}
 n - 4 potions of curing
 s - a potion of berserk rage {unknown}
 x - 2 potions of cancellation {unknown}
 A - a potion of mutation {unknown}
 D - 6 potions of heal wounds
 I - 2 potions of attraction {unknown}
 O - a potion of magic {unknown}
 T - a potion of degeneration {unknown}
Miscellaneous
 U - a phial of floods
 V - a lightning rod (4/4)
 W - a phantom mirror


   Skills:
 + Level 4.5 Fighting
 + Level 0.4 Throwing
 + Level 3.0 Armour
 + Level 7.5 Dodging
 - Level 1.0 Stealth
 * Level 6.3 Shields
 + Level 16.0 Unarmed Combat
 * Level 2.1 Evocations


You had 11 spell levels left.
You didn't know any spells.
Your spell library contained the following spells:

 Spells                   Type           Power      Damage    Failure   Level
 Apportation              Tloc           0%         N/A       75%         1
 Magic Dart               Conj           0%         1d3       75%         1
 Summon Small Mammal      Summ           0%         N/A       75%         1
 Blink                    Tloc           0%         N/A       86%         2
 Call Imp                 Summ           0%         N/A       86%         2
 Call Canine Familiar     Summ           0%         N/A       98%         3
 Hailstorm                Conj/Ice       0%         3d3       98%         3
 Ignite Poison            Fire/Tmut/Pois 0%         N/A       98%         3
 Mephitic Cloud           Conj/Pois/Air  0%         N/A       98%         3
 Summon Guardian Golem    Hex/Summ       0%         N/A       98%         3
 Ice Form                 Ice/Tmut       0%         N/A       100%        4
 Manifold Assault         Tloc           0%         N/A       100%        4
 Sticky Flame             Conj/Fire      0%         2d3       100%        4
 Alistair's Intoxication  Tmut/Pois      0%         N/A       100%        5
 Simulacrum               Ice/Necr       0%         N/A       100%        6
 Storm Form               Tmut/Air       0%         N/A       100%        7
 Ignition                 Fire           0%         3d3       100%        8


Dungeon Overview and Level Annotations

Branches:
Dungeon (12/15)            Temple (1/1) D:4            Lair (0/5) D:9
    Orc (0/2) D:10          Sewer (visited)

Altars:
Cheibriados
Dithmenos
Elyvilon
Fedhas
Nemelex Xobeh
Okawaru
Qazlal
Ru
Sif Muna
Trog
Vehumet
Wu Jian
Xom
Yredelemnul
Zin

Shops:
D:5 :[=?   D:10 *


Innate Abilities, Weirdness & Mutations

You are too large for most types of armour.
You have claws for hands.
Your natural rate of healing is unusually fast.
You are covered in fur. (AC +1)
You have tough skin. (AC +1)


Message History

The Council accepts your kill.
You block the skeletal warrior's attack.
A skeletal warrior comes into view. It is wielding a +0 short sword.
Your Unarmed Combat skill increases to level 16!
You scratch the skeletal warrior but do no damage.
The skeletal warrior is severely damaged.
You scratch the skeletal warrior.
The skeletal warrior is severely damaged.
You block the skeletal warrior's attack.
The skeletal warrior hits you with a +0 scimitar!
You barely miss the skeletal warrior.
The skeletal warrior is severely damaged.
You block the skeletal warrior's attack.
The skeletal warrior closely misses you.
You barely miss the skeletal warrior.
The skeletal warrior is severely damaged.
You block the skeletal warrior's attack.
The skeletal warrior hits you with a +0 dire flail!!
You mangle the skeletal warrior!!
You destroy the skeletal warrior!
The Council accepts your kill.
Your Armour skill increases to level 3!
Your Evocations skill increases to level 2!
Unknown command.
You spin and attack the skeletal warrior repeatedly.
You claw the skeletal warrior!
The skeletal warrior is moderately damaged.
You claw the skeletal warrior!
The skeletal warrior is heavily damaged.
You block the skeletal warrior's attack.
You spin and attack the skeletal warrior repeatedly.
You barely miss the skeletal warrior. You mangle the skeletal warrior!!
The skeletal warrior is heavily damaged.
You spin and attack the skeletal warrior.
You scratch the skeletal warrior but do no damage.
The skeletal warrior is heavily damaged.
The skeletal warrior hits you with a +0 dire flail!!
* * * LOW HITPOINT WARNING * * *
The skeletal warrior hits you with a +0 short sword!!
You die...

.....#########...#
.......|...[.....#
.................#
........####....##
.....#### ####.# ....##
#####
.....#########...#####.#
......................#
#...............@....#
###....#####...zz....#
###### ####).....#
#......# ##.....#
#..?..# ......# ......#
....#


You could see 2 skeletal warriors.

Vanquished Creatures
  Erolcha (D:9)
  2 two-headed ogres
  2 skeletal warriors (D:12)
  Pikel (D:5)
  A deep elf zephyrmancer (D:9)
  2 deep elf pyromancers
  An ugly thing (D:10)
  2 cyclopes
  Joseph (D:9)
  A gargoyle (D:10)
  Maggie (D:9)
  A komodo dragon (shapeshifter) (D:10)
  A rime drake (D:9)
  A meliai (D:10)
  2 hornets
  2 polar bears (D:9)
  3 trolls
  5 slime creatures
  4 wraiths
  Sigmund (D:2)
  2 vampires
  5 wyverns
  A shadow (D:10)
  Grum (D:9)
  A basilisk (D:10)
  4 steam dragons
  2 acid dragons
  2 water moccasins (D:8)
  5 ice beasts
  A swamp drake (D:9)
  3 orc warriors
  4 black bears
  A sky beast (D:7)
  2 centaurs
  An ogre (D:6)
  5 wolves (D:9)
  A lemure (D:5)
  6 kobold brigands
  5 bullfrogs
  2 gnoll sergeants
  A scorpion (D:6)
  13 wights
  25 killer bees
  3 howler monkeys
  A crimson imp (D:9)
  3 jellies
  4 orc priests
  3 gnoll boudas
  3 hounds
  An iron imp (D:9)
  An iguana (D:4)
  10 orc wizards
  19 gnolls
  12 adders
  10 river rats
  2 shadow imps
  2 white imps
  6 worms
  A dart slug (D:3)
  23 orcs
  9 ball pythons
  11 endoplasms
  6 giant cockroaches
  6 goblins
  6 hobgoblins
  4 quokkas
  4 bats
  6 frilled lizards
  16 kobolds
  7 rats
307 creatures vanquished.

Vanquished Creatures (others)
  A wizard (D:10)
1 creature vanquished.

Grand Total: 308 creatures vanquished

Notes
Turn   | Place    | Note
-------+----------+-------------------------------------------
     0 | D:1      | monsoonserge the Troll Monk began the quest for the Orb.
     0 | D:1      | Reached XP level 1. HP: 22/22 MP: 0/0
    17 | D:1      | Found a faded altar of an unknown god.
    33 | D:1      | Prayed at the altar of an unknown god.
    33 | D:1      | Became a worshipper of the Wu Jian Council
    33 | D:1      | Reached * piety under Wu Jian
    33 | D:1      | Reached ** piety under Wu Jian
   121 | D:1      | Reached XP level 2. HP: 27/29 MP: 1/1
   140 | D:1      | Reached *** piety under Wu Jian
   561 | D:2      | Reached XP level 3. HP: 36/36 MP: 2/2
   798 | D:2      | Noticed Sigmund
   804 | D:2      | Killed Sigmund
   805 | D:2      | Reached skill level 5 in Unarmed Combat
   805 | D:2      | Reached XP level 4. HP: 45/45 MP: 3/3
   805 | D:2      | Reached XP level 5. HP: 53/53 MP: 4/4
  1551 | D:3      | Found a glowing drain.
  1558 | Sewer    | Entered a sewer
  1609 | Sewer    | Reached XP level 6. HP: 60/61 MP: 5/5
  1636 | Sewer    | Reached **** piety under Wu Jian
  1829 | Sewer    | Reached skill level 6 in Unarmed Combat
  2190 | D:3      | Found a sacrificial altar of Ru.
  2430 | D:3      | Found a bloodstained altar of Trog.
  2520 | D:3      | Found a radiant altar of Vehumet.
  2522 | D:3      | Found a glowing silver altar of Zin.
  2586 | D:4      | Found a staircase to the Ecumenical Temple.
  2596 | Temple   | Entered the Ecumenical Temple
  2627 | D:4      | Reached XP level 7. HP: 67/67 MP: 6/6
  3005 | D:5      | Entered Level 5 of the Dungeon
  3098 | D:5      | Reached skill level 7 in Unarmed Combat
  3158 | D:5      | Found Wafrefef's Jewellery Shop.
  3312 | D:5      | Noticed Pikel
  3325 | D:5      | Killed Pikel
  3326 | D:5      | Reached skill level 1 in Stealth
  3326 | D:5      | Reached skill level 8 in Unarmed Combat
  3326 | D:5      | Reached XP level 8. HP: 58/75 MP: 7/7
  3371 | D:5      | Found Vuuv's Armour Emporium.
  3375 | D:5      | Reached skill level 9 in Unarmed Combat
  3375 | D:5      | Found Pamp's Book Shop.
  3500 | D:5      | Found Rudimur's Magic Scroll Shop.
  3508 | D:5      | Bought a scroll of blinking for 97 gold pieces
  3726 | D:6      | Reached skill level 10 in Unarmed Combat
  3746 | D:6      | Reached ***** piety under Wu Jian
  3805 | D:6      | Reached XP level 9. HP: 52/83 MP: 8/8
  4324 | D:6      | Found a basalt altar of Yredelemnul.
  4358 | D:7      | Reached skill level 11 in Unarmed Combat
  4369 | D:7      | Reached skill level 5 in Dodging
  4531 | D:7      | Found an ornate altar of the Wu Jian Council.
  4533 | D:7      | You fall into a shaft and drop 1 floor!
  4616 | D:8      | Reached skill level 12 in Unarmed Combat
  5168 | D:8      | Reached XP level 10. HP: 74/92 MP: 9/9
  5190 | D:8      | Reached skill level 1 in Shields
  5287 | D:8      | Reached skill level 13 in Unarmed Combat
  5730 | D:9      | Noticed Erolcha
  5751 | D:9      | Killed Erolcha
  5764 | D:9      | Reached skill level 14 in Unarmed Combat
  5902 | D:9      | Found an iron altar of Okawaru.
  5909 | D:9      | Found a staircase to the Lair.
  5927 | D:9      | Reached XP level 11. HP: 97/100 MP: 10/10
  5959 | D:9      | Noticed Maggie
  5969 | D:9      | Killed Maggie
  6168 | D:9      | Noticed Joseph
  6178 | D:9      | Killed Joseph
  6178 | D:9      | Reached ****** piety under Wu Jian
  6309 | D:9      | Noticed a deep elf pyromancer
  6314 | D:9      | Killed a deep elf pyromancer
  6325 | D:9      | Noticed a deep elf zephyrmancer
  6347 | D:9      | Killed a deep elf zephyrmancer
  6561 | D:9      | Noticed Grum
  6569 | D:9      | Killed Grum
  6928 | D:10     | Entered Level 10 of the Dungeon
  6928 | D:10     | Noticed an angel
  6931 | D:10     | Noticed a two-headed ogre
  6943 | D:10     | Killed a two-headed ogre
  6944 | D:10     | Reached skill level 15 in Unarmed Combat
  6978 | D:10     | Found Neghemp's Hallowed Reliquary.
  6983 | D:10     | Found a staircase to the Orcish Mines.
  6990 | D:10     | Bought a potion of heal wounds for 70 gold pieces
  7101 | D:10     | Found a shimmering altar of Xom.
  7113 | D:10     | Identified the +8 chain mail "Nan Kiroxe" {Will+ Str+5}
  7443 | D:10     | Reached skill level 1 in Armour
  7630 | D:10     | Reached skill level 5 in Shields
  7740 | D:10     | Noticed a wizard
  7740 | D:10     | Noticed a wolf spider
  7754 | D:10     | Banished a wolf spider
  7759 | D:10     | Noticed a fire crab
  7766 | D:10     | Killed a wizard
  7833 | D:10     | Noticed a red ugly thing
  7839 | D:10     | Killed a red ugly thing
  7866 | D:10     | Identified the +10 rapier of the Warrior {protect, rF+
                  | Int+2}
  7866 | D:10     | Identified the +0 leather armour of Homeycs {rN++}
  8044 | D:10     | Identified the +8 dagger "Ketetijo" {distort, Int-5 Dex+5}
  8267 | D:11     | Reached skill level 1 in Evocations
  8267 | D:11     | Reached XP level 12. HP: 109/109 MP: 11/11
  8545 | D:11     | Noticed a two-headed ogre
  8550 | D:11     | Killed a two-headed ogre
  8679 | D:12     | Found a stormy altar of Qazlal.
  9014 | D:12     | Reached skill level 16 in Unarmed Combat
  9020 | D:12     | Slain by a skeletal warrior

Illustrated notes

Levels and vault maps discovered:
D:1:      lightli_arrival_maybe_door_vault, layout_basic,
          ebering_ecumenical_altar_box
D:2:      layout_basic, uniq_sigmund
D:3:      layout_loops_ring, mainiacjoe_overflow_small_starburst,
          nicolae_overflow_hidden_temple, lightli_sewer_entry_pipes,
          minmay_misc_feat_tiny
D:4:      layout_rooms, minmay_temple_entry_overgrown, guppyfry_early_lair_pool
D:5:      minmay_skewed_foursquare, layout_rooms, serial_shops, shop,
          nicolae_shop_real_fake_doors, nicolae_shop_advertising_works
          [nicolae_subvault_shop_adworks], nicolae_shop_tiny_statue_garden,
          uniq_pikel
D:6:      layout_basic, kennysheep_mini
D:7:      layout_gridville, lemuel_crystal_altar, minmay_circle_x
D:8:      layout_loops_cross, minmay_holes, reono_crystal_passage,
          grunt_tough_drop
D:9:      layout_stronghold, mainiacjoe_overflow_brackets,
          hellmonk_lair_entry_icy, hangedman_minor_magic, uniq_erolcha,
          uniq_maggie, uniq_grum, uniq_joseph
D:10:     minmay_the_grid_triangle_9x9_rhombus_full
          [minmay_the_grid_triangle_9x9_minimal,
          minmay_the_grid_triangle_9x9_limited_checkers,
          minmay_the_grid_triangle_9x9_windchime,
          minmay_the_grid_triangle_9x9_empty,
          minmay_the_grid_triangle_9x9_impossible_snake,
          minmay_the_grid_triangle_9x9_from_above,
          minmay_the_grid_triangle_9x9_negative_grid,
          minmay_the_grid_triangle_9x9_prize_center], layout_gridville,
          mainiacjoe_overflow_concentric_impassable, orc_0_dummy,
          nicolae_good_shop
D:11:     layout_cave_pools, serial_column_ruins, column_ruins_square_medium,
          column_ruins_square_large, column_ruins_open_small,
          column_ruins_grid_1, column_ruins_open_tiny,
          column_ruins_corridor_straight, column_ruins_columns_T,
          column_ruins_open_small
D:12:     layout_layer_cave, serial_shops, shop,
          nicolae_qazlal_general_emergency
Temple:   nicolae_temple_two_arcs

Skill      XL: |  1  2  3  4  5  6  7  8  9 10 11 12 |
---------------+-------------------------------------+-----
Fighting       | 3 4 |  4.5
Dodging        | 3 4 5 6 7 |  7.5
Unarmed Combat | 5 6 8 10 12 14 15 16 | 16.0
Stealth        | 1 |  1.0
Shields        | 3 5 6 |  6.3
Armour         | 2 3 |  3.0
Evocations     | 1 2 |  2.1
Throwing       | |  0.4

Action                     |  1- 3 |  4- 6 |  7- 9 | 10-12 || total
---------------------------+-------+-------+-------+-------++-------
  Melee: Unarmed           |    68 |   130 |   251 |   511 ||   960
  Throw: Dart              |       |       |       |     6 ||     6
 Invoke: Serpent's Lash    |       |       |       |     1 ||     1
Ability: Lunge             |    16 |    21 |    31 |    40 ||   108
         Whirlwind         |     7 |     3 |    38 |    95 ||   143
    Use: Potion            |       |       |       |     3 ||     3
   Stab: Sleeping          |       |       |       |     2 ||     2
         Invisible         |       |       |       |     2 ||     2
 Armour: Robe              |    10 |     5 |     7 |       ||    22
         Steam dragon scal |       |       |     4 |    20 ||    24
         Acid dragon scale |       |       |       |    44 ||    44
  Dodge: Dodged            |    22 |    43 |   193 |   283 ||   541
  Block: Kite shield       |       |       |    10 |   164 ||   174
